 Dungeon Crawl Stone Soup version 0.30-a0-778-g2ef04afb54 (webtiles) character file.

Game seed: 9821742110150937202

137 Orangeyouglad the Sneak (level 5, 0/35 HPs)
             Began as a Vampire Enchanter on Feb 16, 2023.
             Was an Initiate of Wu Jian.
             Splashed by a jelly's acid (9 damage)
             ... on level 4 of the Dungeon.
             The game lasted 00:08:41 (2615 turns).

Orangeyouglad the Sneak (Vampire Enchanter)         Turns: 2615, Time: 00:08:41

Health: 0/35       AC:  1    Str:  7    XL:     5   Next: 0%
Magic:  8/8        EV: 12    Int: 18    God:    Wu Jian [......]
Gold:   245        SH:  0    Dex: 16    Spells: 3/8 levels left

rFire   . . .      SeeInvis +    g - +2 dagger (flame)
rCold   . . .      Faith    .    (no shield)
rNeg    . . .      Spirit   .    q - +3 leather armour of Mes Tucet {Rampage}
rPois   .          Reflect  .    h - +0 helmet
rElec   .          Harm     .    (no cloak)
rCorr   .          Rampage  +    i - +0 pair of gloves
Will    .....                    j - +0 pair of boots
Stlth   +++                      (no amulet)
HPRegen 0.45/turn                (no ring)
MPRegen 0.11/turn                (no ring)

@: corroded, healing quickly
A: alive, fangs 3, see invisible, vampiric 2
a: Exsanguinate, Renounce Religion


You were on level 4 of the Dungeon.
You worshipped Wu Jian.
Wu Jian was noncommittal.
You visited 1 branch of the dungeon, and saw 4 of its levels.

You collected 245 gold pieces.

Inventory:

Hand Weapons
 f - a +2 dagger of venom
 g - a +2 dagger of flaming (weapon)
Armour
 b - a +0 robe
 h - a +0 helmet (worn)
 i - a +0 pair of gloves (worn)
 j - a +0 pair of boots (worn)
 q - the +3 leather armour of Mes Tucet (worn) {Rampage}
   (You found it on level 3 of the Dungeon)

   Rampage:   It bestows one free step when moving towards enemies.
Wands
 o - a wand of polymorph (6)
Scrolls
 a - 3 scrolls of amnesia
 m - 2 scrolls of teleportation
 s - a scroll of poison {unknown}
Potions
 c - 3 potions of invisibility
 d - 2 potions of attraction
 e - 2 potions of flight
 k - a potion of cancellation
 l - 2 potions of ambrosia {unknown}
 n - a potion of mutation {unknown}
 p - a potion of haste {unknown}
 r - 2 potions of curing {unknown}
 t - a potion of lignification {unknown}


   Skills:
 + Level 2.4 Short Blades
 + Level 3.2 Dodging
 + Level 5.5 Stealth
 - Level 2.0 Spellcasting
 + Level 5.5 Hexes
 + Level 1.6 Ice Magic


You had 3 spell levels left.
You knew the following spells:

 Your Spells              Type           Power      Damage    Failure   Level
a - Ensorcelled Hibernat  Hex/Ice        28%        N/A       10%         2
b - Confusing Touch       Hex            21%        N/A       9%          3

Your spell library contained the following spells:

 Spells                   Type           Power      Damage    Failure   Level
 Tukima's Dance           Hex            21%        N/A       9%          3
 Dazzling Flash           Conj/Hex       22%        N/A       26%         3
 Ozocubu's Armour         Ice            7%         N/A       38%         3
 Ozocubu's Refrigeration  Ice            3%         4d8       100%        7


Dungeon Overview and Level Annotations

Branches:
Dungeon (4/15)
 Temple: D:4-7

Altars:
Hepliaklqana
Wu Jian

Shops:
D:2 *


Innate Abilities, Weirdness & Mutations

Your natural rate of healing is accelerated.
You have razor-sharp teeth.
You have supernaturally acute eyesight. (SInv)
You are afflicted with vampirism and can become a bat while bloodless.


Message History

Found 6 gold pieces.
You now have 236 gold pieces (gained 6).
An adder comes into view.
You rampage towards the adder!
The helpless adder fails to defend itself.
You impale the adder!! You burn the adder.
You kill the adder!
The Council accepts your kill.
You have reached level 5!
You feel clever.
Found a robe.
Found a scale mail.
You now have 245 gold pieces (gained 9).
A jelly comes into view.
A jelly is nearby!
The jelly quivers.
You rampage towards the jelly!
You hit the jelly. You burn the jelly. The acid corrodes you!
Your hands burn!
The jelly is moderately wounded.
The jelly misses you.
You hit the jelly but do no damage.
Your hands burn!
You bite the jelly.
The jelly is heavily wounded.
You hit the jelly but do no damage. The acid corrodes you!
Your hands burn!
The jelly is heavily wounded.
The jelly barely misses you.
You barely miss the jelly.
The jelly is heavily wounded.
The jelly hits you.
You are splashed with acid!
You hit the jelly. You burn the jelly. The acid corrodes you!
Your hands burn!
The jelly is severely wounded.
The jelly closely misses you.
You hit the jelly. You burn the jelly.
Your hands burn!
The jelly is severely wounded.
The jelly closely misses you.
You hit the jelly but do no damage.
Your hands burn!
The jelly is severely wounded.
The jelly hits you.
* * * LOW HITPOINT WARNING * * *
You are splashed with acid!
You die...

. .. ... ### ....
#.## .....##
###..#
#...####..[.#
#..J@..#....#
#...#....##.##
#.. ##....#..##
... .....#.....#
...............##
.. ##...........#
. ##..........##
............##
..............#


You could see a jelly.

Vanquished Creatures
  4 adders
  5 worms
  2 dart slugs
  6 orcs
  4 endoplasms
  7 giant cockroaches
  6 goblins
  2 hobgoblins
  12 jackals
  7 kobolds
  3 quokkas
  4 ball pythons
  4 bats
  2 frilled lizards
  2 rats
  A butterfly (D:4)
71 creatures vanquished.

Vanquished Creatures (others)
  8 fungi (D:3)
8 creatures vanquished.

Grand Total: 79 creatures vanquished

Notes
Turn   | Place    | Note
-------+----------+-------------------------------------------
     0 | D:1      | Orangeyouglad the Vampire Enchanter began the quest for the
                  | Orb.
     0 | D:1      | Reached XP level 1. HP: 13/13 MP: 3/3
   323 | D:1      | Reached XP level 2. HP: 12/19 MP: 5/5
   356 | D:1      | Learned a level 2 spell: Ensorcelled Hibernation
   629 | D:1      | Gained mutation: You are afflicted with vampirism and can
                  | become a bat while bloodless. [Vampire growth]
   629 | D:1      | Reached XP level 3. HP: 23/24 MP: 6/6
  1023 | D:2      | Reached skill level 5 in Stealth
  1029 | D:2      | Learned a level 3 spell: Confusing Touch
  1089 | D:2      | Reached skill level 5 in Hexes
  1242 | D:2      | Found Niplaf's Assorted Antiques.
  1275 | D:2      | Reached skill level 1 in Ice Magic
  1777 | D:3      | Found a hazy altar of Hepliaklqana.
  1828 | D:3      | Reached XP level 4. HP: 29/30 MP: 7/7
  1978 | D:3      | Found an ornate altar of the Wu Jian Council.
  2060 | D:3      | Became a worshipper of the Wu Jian Council
  2137 | D:3      | Identified the +3 leather armour of Mes Tucet {Rampage}
  2465 | D:4      | Noticed a black bear
  2566 | D:4      | Reached XP level 5. HP: 35/35 MP: 8/8
  2615 | D:4      | Splashed by a jelly's acid

Illustrated notes

Levels and vault maps discovered:
D:1:      dpeg_arrival_round_a, layout_basic
D:2:      layout_loops_cross, serial_shops, shop
D:3:      layout_basic, lemuel_tele_altar, nzn_hepliaklqana_mist_gate,
          dreamdust_mushroom_princess
D:4:      layout_cave_pools, grunt_temple_overflow_magic_moments,
          minmay_temple_entry_butterflies, uniq_eustachio

Skill      XL: |  1  2  3  4 |
---------------+-------------+-----
Stealth        | 5 |  5.5
Hexes          | 5 |  5.5
Short Blades   | 2 |  2.4
Ice Magic      | 1 |  1.6
Dodging        | 3 |  3.2
Spellcasting   | |  2.0

Action                     |  1- 3 |  4- 6 || total
---------------------------+-------+-------++-------
  Melee: Dagger            |   161 |    76 ||   237
         Bite              |     8 |     7 ||    15
         Punch             |     1 |       ||     1
  Throw: Stone             |     9 |       ||     9
   Cast: Ensorcelled Hiber |     5 |     9 ||    14
Ability: Lunge             |       |     2 ||     2
    Use: Scroll            |     4 |     2 ||     6
   Stab: Sleeping          |     5 |    11 ||    16
 Armour: Robe              |    34 |     3 ||    37
         Leather armour    |       |    11 ||    11
  Dodge: Dodged            |    97 |    36 ||   133

Table legend: (Time is in decaauts)
 A = Elapsed time spent in this place.
 B = Non-inter-level travel time spent in this place.
 C = Inter-level travel time spent in this place.
 D = Time resting spent in this place.
 E = Time spent auto-exploring this place.
 F = Levels seen in this place.
 G = Mean time per level.
                   A        B        C        D        E       F      G
               +--------+--------+--------+--------+--------+-----+--------+
         Total |   2594 |   2415 |    179 |     30 |   1375 |   4 |  648.5 |
       Dungeon |   2594 |   2415 |    179 |     30 |   1375 |   4 |  648.5 |
               +--------+--------+--------+--------+--------+-----+--------+

Top non-repeatable levels by time:
     D:1: 965 daAuts
     D:2: 797 daAuts
     D:3: 643 daAuts
     D:4: 189 daAuts
